3L
KINGSTON TOWNSHIP LEGION @ WIZARDING EXPRESS
06/16/2021
 
TOP OF THE 1ST
Kingston Township Legion batting - Pitching for Wizarding Express : LHP Fernando Rivero
Pitching: LHP Fernando Rivero
Batting: RHB Layton Templeman 0-0: Ball
1-0: Ball
2-0: Foul Ball, location: 2F
Reached via error on a dropped throw, E3
Batting: LHB Wilfrid Savary 0-0: Ball
1-0: Called Strike
1-1: Called Strike
1-2: Grounds into double play, 3-6-3 (Groundball, 3)
Batting: LHB Clay Rush 0-0: SINGLE (Groundball, 34D)
Batting: RHB Akihiko Oike 0-0: Ball
1-0: Ball
2-0: Called Strike
2-1: Foul Ball, location: 2F
2-2: Ball
3-2: Base on Balls
Clay Rush to second
Batting: LHB Stephen Baird 0-0: Called Strike
0-1: Ground out 4-3 (Groundball, 4)
Top of the 1st over - 0 run(s), 1 hit(s), 1 error(s), 2 left on base; Kingston Township 0 - Wizarding 0
BOTTOM OF THE 1ST
Wizarding Express batting - Pitching for Kingston Township Legion : LHP Shigemasa Horiuchi
Pitching: LHP Shigemasa Horiuchi
Batting: RHB Pedro Cruz 0-0: Ball
1-0: Called Strike
1-1: Fly out, F2 (Popup, 2RF)
Batting: LHB Dave Lee 0-0: Ball
1-0: Foul Ball, location: 2F
1-1: Ball
2-1: Swinging Strike
2-2: Strikes out looking
Batting: RHB Cole Shaffer 0-0: Ground out 1-3 (Groundball, 13)
Bottom of the 1st over - 0 run(s), 0 hit(s), 0 error(s), 0 left on base; Kingston Township 0 - Wizarding 0
TOP OF THE 2ND
Kingston Township Legion batting - Pitching for Wizarding Express : LHP Fernando Rivero
Batting: RHB Vicente Toro 0-0: DOUBLE (Flyball, 9D)
Batting: RHB António Varela 0-0: Swinging Strike
0-1: Ball
1-1: Swinging Strike
1-2: Ball
2-2: Strikes out swinging
Batting: RHB Raúl Valadez 0-0: Called Strike
0-1: Ground out 6-3 (Groundball, 6)
Batting: RHB Carlos Mercado 0-0: SINGLE (Line Drive, 56)
Vicente Toro to third
Runner from 3rd tries for Home, SAFE, throw made home
Batting: RHB Layton Templeman 0-0: Ball
1-0: Ball
2-0: Called Strike
2-1: SINGLE (Line Drive, 9LS)
Carlos Mercado to second
Runner from 2nd tries for 3rd, OUT!
Top of the 2nd over - 1 run(s), 3 hit(s), 0 error(s), 1 left on base; Kingston Township 1 - Wizarding 0
BOTTOM OF THE 2ND
Wizarding Express batting - Pitching for Kingston Township Legion : LHP Shigemasa Horiuchi
Batting: RHB Turner Coleman 0-0: Ball
1-0: Called Strike
1-1: Ball
2-1: Ground out 1-3 (Groundball, 13)
Batting: LHB Jason Powell 0-0: Ball
1-0: Ball
2-0: DOUBLE (Line Drive, 9LM)
Batting: RHB Domingo Navarro 0-0: Called Strike
0-1: Fly out, F4 (Popup, 34D)
Batting: RHB Anastasio Cabanillas 0-0: Ball
1-0: Ball
2-0: Foul Ball, location: 2F
2-1: Ball
3-1: Called Strike
3-2: Foul Ball, location: 2F
3-2: Foul Ball, location: 2F
3-2: Strikes out swinging
Bottom of the 2nd over - 0 run(s), 1 hit(s), 0 error(s), 1 left on base; Kingston Township 1 - Wizarding 0
TOP OF THE 3RD
Kingston Township Legion batting - Pitching for Wizarding Express : LHP Fernando Rivero
Batting: LHB Wilfrid Savary 0-0: Called Strike
0-1: Foul Ball, location: 2F
0-2: Ball
1-2: Ball
2-2: Ball
3-2: Ground out 3-1 (Groundball, 34)
Batting: LHB Clay Rush 0-0: Called Strike
0-1: Fly out, F8 (Flyball, 8LM)
Batting: RHB Akihiko Oike 0-0: Ball
1-0: Ground out 6-3 (Groundball, 6)
Top of the 3rd over - 0 run(s), 0 hit(s), 0 error(s), 0 left on base; Kingston Township 1 - Wizarding 0
BOTTOM OF THE 3RD
Wizarding Express batting - Pitching for Kingston Township Legion : LHP Shigemasa Horiuchi
Batting: LHB Chris Thurman 0-0: Ball
1-0: Bunted foul
1-1: Foul Ball, location: 2F
1-2: Ball
2-2: Strikes out swinging
Batting: SHB Reed Ramsey 0-0: Called Strike
0-1: Foul Ball, location: 2F
0-2: Fly out, F9 (Flyball, 9M)
Batting: RHB Pedro Cruz 0-0: Ball
1-0: Swinging Strike
1-1: Swinging Strike
1-2: Ball
2-2: Ground out 6-3 (Groundball, 6)
Bottom of the 3rd over - 0 run(s), 0 hit(s), 0 error(s), 0 left on base; Kingston Township 1 - Wizarding 0
TOP OF THE 4TH
Kingston Township Legion batting - Pitching for Wizarding Express : LHP Fernando Rivero
Batting: LHB Stephen Baird 0-0: Fly out, F9 (Flyball, 89M)
Batting: RHB Vicente Toro 0-0: Ball
1-0: Fly out, F8 (Flyball, 8LM)
Batting: RHB António Varela 0-0: Ball
1-0: Ball
2-0: Foul Ball, location: 2F
2-1: Ball
3-1: Foul Ball, location: 2F
3-2: Base on Balls
Batting: RHB Raúl Valadez 0-0: Ball
1-0: Called Strike
1-1: Swinging Strike
1-2: Strikes out swinging
Top of the 4th over - 0 run(s), 0 hit(s), 0 error(s), 1 left on base; Kingston Township 1 - Wizarding 0
BOTTOM OF THE 4TH
Wizarding Express batting - Pitching for Kingston Township Legion : LHP Shigemasa Horiuchi
Batting: LHB Dave Lee 0-0: Ball
1-0: Foul Ball, location: 2F
1-1: Foul Ball, location: 2F
1-2: Foul Ball, location: 2F
1-2: Fly out, F7 (Flyball, 7M)
Batting: RHB Cole Shaffer 0-0: Ball
1-0: Foul Ball, location: 2F
1-1: Ground out 5-3 (Groundball, 5)
Batting: RHB Turner Coleman 0-0: Called Strike
0-1: Called Strike
0-2: Ball
1-2: Strikes out swinging
Bottom of the 4th over - 0 run(s), 0 hit(s), 0 error(s), 0 left on base; Kingston Township 1 - Wizarding 0
TOP OF THE 5TH
Kingston Township Legion batting - Pitching for Wizarding Express : LHP Fernando Rivero
Batting: RHB Carlos Mercado 0-0: Ground out 6-3 (Groundball, 6)
Batting: RHB Layton Templeman 0-0: Called Strike
0-1: Foul Ball, location: 2F
0-2: Foul Ball, location: 2F
0-2: Ground out 1-3 (Groundball, 13S)
Batting: LHB Wilfrid Savary 0-0: Called Strike
0-1: Foul Ball, location: 2F
0-2: Foul Ball, location: 2F
0-2: Strikes out swinging
Top of the 5th over - 0 run(s), 0 hit(s), 0 error(s), 0 left on base; Kingston Township 1 - Wizarding 0
BOTTOM OF THE 5TH
Wizarding Express batting - Pitching for Kingston Township Legion : LHP Shigemasa Horiuchi
Batting: LHB Jason Powell 0-0: Foul Ball, location: 2F
0-1: Ball
1-1: Called Strike
1-2: Ball
2-2: Ball
3-2: Foul Ball, location: 2F
3-2: Fly out, F6 (Line Drive, 6)
Batting: RHB Domingo Navarro 0-0: Foul Ball, location: 2F
0-1: Called Strike
0-2: Ball
1-2: Ball
2-2: Ground out 1-3 (Groundball, 13S)
Batting: RHB Anastasio Cabanillas 0-0: Ball
1-0: Ball
2-0: Called Strike
2-1: Ball
3-1: Called Strike
3-2: Strikes out swinging
Bottom of the 5th over - 0 run(s), 0 hit(s), 0 error(s), 0 left on base; Kingston Township 1 - Wizarding 0
TOP OF THE 6TH
Kingston Township Legion batting - Pitching for Wizarding Express : LHP Fernando Rivero
Batting: LHB Clay Rush 0-0: Called Strike
0-1: Swinging Strike
0-2: Ball
1-2: Strikes out swinging
Batting: RHB Akihiko Oike 0-0: Swinging Strike
0-1: Swinging Strike
0-2: Ground out 6-3 (Groundball, 56S)
Batting: LHB Stephen Baird 0-0: Ball
1-0: Ball
2-0: Ball
3-0: Called Strike
3-1: Ground out 4-3 (Groundball, 4)
Top of the 6th over - 0 run(s), 0 hit(s), 0 error(s), 0 left on base; Kingston Township 1 - Wizarding 0
BOTTOM OF THE 6TH
Wizarding Express batting - Pitching for Kingston Township Legion : LHP Shigemasa Horiuchi
Batting: LHB Chris Thurman 0-0: SOLO HOME RUN (Line Drive, 89XD), Distance : 385 ft
Batting: SHB Reed Ramsey 0-0: Ball
1-0: Foul Ball, location: 2F
1-1: Ground out 5-3 (Groundball, 5)
Batting: RHB Pedro Cruz 0-0: Ball
1-0: Ball
2-0: Ball
3-0: Base on Balls
Batting: LHB Dave Lee 0-0: Ball
1-0: Swinging Strike
1-1: Ball
2-1: SINGLE (Groundball, 34D)
Pedro Cruz to second
Runner from 2nd tries for 3rd, SAFE, throw made to third
Batting: RHB Cole Shaffer 0-0: Fly out, F7 (Line Drive, 7M)
Runner from 3rd tags up, SCORES, no throw
Batting: RHB Turner Coleman 0-0: Called Strike
0-1: Swinging Strike
0-2: Fielders Choice at 2nd, U6 (Groundball, 6M)
Bottom of the 6th over - 2 run(s), 2 hit(s), 0 error(s), 1 left on base; Kingston Township 1 - Wizarding 2
TOP OF THE 7TH
Kingston Township Legion batting - Pitching for Wizarding Express : LHP Fernando Rivero
Batting: RHB Vicente Toro 0-0: Swinging Strike
0-1: Swinging Strike
0-2: Ball
1-2: Strikes out swinging
Batting: RHB António Varela 0-0: Called Strike
0-1: Foul Ball, location: 2F
0-2: Fly out, F8 (Flyball, 8LXD)
Batting: RHB Raúl Valadez 0-0: Called Strike
0-1: Ball
1-1: Foul Ball, location: 2F
1-2: Ball
2-2: Foul Ball, location: 2F
2-2: DOUBLE (Groundball, 5L)
Batting: RHB Carlos Mercado 0-0: Ball
1-0: Fly out, F8 (Flyball, 89D)
Top of the 7th over - 0 run(s), 1 hit(s), 0 error(s), 1 left on base; Kingston Township 1 - Wizarding 2
BOTTOM OF THE 7TH
Wizarding Express batting - Pitching for Kingston Township Legion : LHP Shigemasa Horiuchi
Batting: LHB Jason Powell 0-0: Ball
1-0: Ground out 4-3 (Groundball, 4)
Batting: RHB Domingo Navarro 0-0: Foul Ball, location: 2F
0-1: Ball
1-1: Ball
2-1: Ground out 6-3 (Groundball, 6)
Batting: RHB Anastasio Cabanillas 0-0: Ball
1-0: Ground out 4-3 (Groundball, 4)
Bottom of the 7th over - 0 run(s), 0 hit(s), 0 error(s), 0 left on base; Kingston Township 1 - Wizarding 2
TOP OF THE 8TH
Kingston Township Legion batting - Pitching for Wizarding Express : LHP Fernando Rivero
Batting: RHB Layton Templeman 0-0: Ball
1-0: Called Strike
1-1: Foul Ball, location: 2F
1-2: Fly out, F9 (Flyball, 9LSF)
Batting: LHB Wilfrid Savary 0-0: Ball
1-0: Swinging Strike
1-1: Foul Ball, location: 2F
1-2: Strikes out swinging
Batting: LHB Clay Rush 0-0: Ball
1-0: Called Strike
1-1: Foul Ball, location: 2F
1-2: DOUBLE (Groundball, 3L)
Batting: RHB Akihiko Oike 0-0: Called Strike
0-1: Ball
1-1: Ball
2-1: Called Strike
2-2: Ball
3-2: Ground out 6-3 (Groundball, 56D)
Top of the 8th over - 0 run(s), 1 hit(s), 0 error(s), 1 left on base; Kingston Township 1 - Wizarding 2
BOTTOM OF THE 8TH
Wizarding Express batting - Pitching for Kingston Township Legion : LHP Shigemasa Horiuchi
Batting: LHB Chris Thurman 0-0: Called Strike
0-1: Ground out U3 (Groundball, 3S)
Batting: SHB Reed Ramsey 0-0: Ball
1-0: Foul Ball, location: 2F
1-1: Swinging Strike
1-2: Foul Ball, location: 2F
1-2: Strikes out swinging
Batting: RHB Pedro Cruz 0-0: Ball
1-0: Ground out 5-3 (Groundball, 5L)
Bottom of the 8th over - 0 run(s), 0 hit(s), 0 error(s), 0 left on base; Kingston Township 1 - Wizarding 2
TOP OF THE 9TH
Kingston Township Legion batting - Pitching for Wizarding Express : LHP Fernando Rivero
Pinch Hitting: RHB Pedro Mendoza 0-0: Ball
1-0: Ball
2-0: DOUBLE (Flyball, 7D)
Pitching: RHP Jackson Haines
Batting: RHB Vicente Toro 0-0: Called Strike
0-1: Swinging Strike
0-2: Ball
1-2: Strikes out looking
Batting: RHB António Varela 0-0: Called Strike
0-1: Ball
1-1: Ball
2-1: Called Strike
2-2: Fly out, F7 (Flyball, 78S)
Batting: RHB Raúl Valadez 0-0: Foul Ball, location: 2F
0-1: Ball
1-1: Swinging Strike
1-2: Foul Ball, location: 2F
1-2: Ball
2-2: Foul Ball, location: 2F
2-2: Fly out, F7 (Flyball, 7M)
Top of the 9th over - 0 run(s), 1 hit(s), 0 error(s), 1 left on base; Kingston Township 1 - Wizarding 2
This league is powered by Out of the Park Baseball, the baseball management simulation game for PC, Mac and Linux
Friday, January 22nd, 2016 - OOTP Baseball 16.9 Build 39